Map: Newkirk Precinct TE (Void)

Players

Fimp - Winner!

  • Race: Zerg Zerg
  • Spawn Location: 7:00

Myran

  • Race: Protoss Protoss
  • Spawn Location: 5:00

VOD

Have the link to the VOD?

Description

Time

  • Played on: April 7, 2017, 4:27 p.m.
  • Length: 14:50
Show
View Real Time Build Order
Export as new Build Order

Fimp Zerg - Winner!

Build Orders: Hatch First 

Get SALT Encoding   

  12  0:02  Drone  
  13  0:09  Drone  
  14  0:18  Overlord  
  14  0:41  Drone  
  15  0:49  Hatchery  
  14  0:51  Drone  
  14  0:56  Extractor  
  14  1:02  Drone  
  15  1:14  Spawning Pool  
  14  1:22  Drone x2  
  16  1:32  Drone  
  17  1:44  Drone  
  17  1:45  Overlord  
  18  1:55  Drone  
  19  2:06  Roach Warren  
  19  2:07  Zergling x2  
  19  2:09  Metabolic Boost  
  19  2:13  Drone  
  20  2:23  Queen  
  22  2:31  Drone  
  23  2:47  Roach  
  23  2:49  Roach, Drone  
  28  2:56  Queen  
  30  3:10  Drone  
  30  3:11  Roach x2  
  35  3:28  Hatchery  
  35  3:30  Drone  
  35  3:41  Overlord  
  35  3:53  Drone  
  35  3:55  Overlord  
  36  4:02  Evolution Chamber  
  35  4:03  Lair  
  35  4:06  Drone x3  
  37  4:15  Drone x2  
  37  4:16  Drone  
  40  4:20  Zergling x2  
  41  4:26  Roach  
  43  4:32  Roach x2  
  43  4:33  Roach  
  48  4:54  Roach, Zergling x4  
  48  4:55  Roach, Zergling x2  
  48  4:56  Roach  
  48  4:59  Overlord  
  55  5:19  Roach x4  
  55  5:20  Roach x2  
  65  5:28  Overlord x2  
  65  5:46  Queen  
  67  5:51  Drone x5  
  67  5:52  Drone x3  
  75  5:59  Extractor  
  75  6:00  Overlord  
  74  6:08  Zerg Missile Weapons Level 1  
  74  6:19  Drone x3  
  74  6:20  Drone x2  
  74  6:24  Extractor  
  69  6:48  Roach  
  69  6:49  Roach x8  
  79  7:06  Roach x4  
  85  7:12  Drone x4  
  89  7:22  Extractor  
  88  7:26  Drone  
  88  7:27  Overlord  
  88  7:28  Overlord  
  85  8:02  Hydralisk Den  
  84  8:09  Extractor  
  84  8:10  Extractor  
  82  8:15  Zergling x2  
  82  8:16  Zergling x24  
  95  8:22  Hatchery  
  95  8:27  Overlord x2  
  94  8:55  Hydralisk x5  
  94  8:56  Hydralisk x5  
  94  9:00  Overlord  
  114  9:11  Drone x5  
  119  9:19  Spire  
  118  9:38  Overlord  
  118  9:40  Overlord  
  118  9:41  Overlord x3  
  118  9:49  Drone  
  115  10:18  Drone x3  
  115  10:19  Drone x13  
  115  10:21  Overlord x2  
  125  10:41  Mutalisk x2  
  125  10:42  Mutalisk x9  
  144  11:00  Extractor  
  144  11:02  Mutalisk x6  
  144  11:03  Extractor  
  154  11:23  Mutalisk  
  154  11:24  Mutalisk x2  
  160  11:27  Overlord x2  
  156  12:33  Roach  
  156  12:34  Roach x11  
  146  12:41  Queen  
  114  13:13  Roach  
  114  13:14  Roach x20  
  136  14:05  Roach x2  
  136  14:07  Mutalisk x2  
  136  14:08  Hydralisk x7  
  136  14:09  Hydralisk  
  134  14:11  Zergling x14  
  134  14:13  Overlord  
  134  14:14  Overlord x2  
  123  14:22  Zergling x2  
  123  14:23  Zergling x6  
Show
View Real Time Build Order
Export as new Build Order

Myran Protoss 

Build Orders:  

Get SALT Encoding   

  12  0:01  Probe (Chrono Boost)  
  13  0:15  Pylon  
  13  0:19  Probe (Chrono Boost)  
  14  0:29  Probe (Chrono Boost)  
  15  0:35  Gateway  
  15  0:40  Probe (Chrono Boost)  
  16  0:46  Assimilator  
  16  0:50  Probe (Chrono Boost)  
  17  1:01  Probe (Chrono Boost)  
  18  1:13  Probe (Chrono Boost)  
  19  1:26  Cybernetics Core, Zealot  
  19  1:30  Pylon  
  19  1:31  Probe (Chrono Boost)  
  22  1:36  Assimilator  
  22  1:42  Probe (Chrono Boost)  
  23  1:52  Warp Gate, Gateway, Probe (Chrono Boost)  
  24  1:55  Pylon  
  24  2:03  Probe (Chrono Boost)  
  25  2:09  Stalker  
  27  2:19  Probe (Chrono Boost)  
  28  2:41  Nexus  
  28  2:47  Stalker  
  30  2:56  Stalker  
  33  3:00  Probe (Chrono Boost)  
  33  3:11  Pylon  
  33  3:23  Stalker  
  33  3:26  Zealot  
  38  3:27  Probe (Chrono Boost)  
  38  3:37  Gateway  
  38  3:53  Probe (Chrono Boost)  
  39  4:04  Probe (Chrono Boost)  
  39  4:05  Pylon  
  40  4:11  Assimilator, Zealot x2  
  40  4:15  Assimilator  
  44  4:26  Forge  
  44  4:38  Stalker x2  
  42  5:17  Zealot  
  42  5:18  Zealot  
  42  5:19  Probe (Chrono Boost)  
  37  5:25  Photon Cannon  
  37  5:26  Photon Cannon  
  33  5:30  Probe (Chrono Boost)  
  34  5:38  Gateway  
  34  5:40  Probe (Chrono Boost)  
  35  5:49  Stalker x2  
  39  5:51  Probe (Chrono Boost)  
  39  5:56  Pylon  
  40  6:00  Probe (Chrono Boost)  
  40  6:02  Probe (Chrono Boost)  
  42  6:10  Stalker  
  42  6:11  Probe (Chrono Boost)  
  45  6:12  Stalker, Probe (Chrono Boost)  
  45  6:13  Stalker  
  50  6:21  Twilight Council, Probe (Chrono Boost)  
  50  6:23  Probe (Chrono Boost)  
  52  6:28  Protoss Ground Weapons Level 1  
  52  6:32  Probe (Chrono Boost)  
  53  6:34  Probe (Chrono Boost)  
  54  6:42  Probe (Chrono Boost)  
  51  6:48  Pylon  
  51  6:51  Stalker x2  
  51  6:52  Stalker  
  51  6:54  Stalker  
  57  7:11  Pylon  
  57  7:13  Probe (Chrono Boost)  
  57  7:14  Pylon  
  58  7:17  Probe (Chrono Boost)  
  58  7:19  Stalker  
  58  7:21  Stalker  
  63  7:24  Probe (Chrono Boost)  
  63  7:27  Probe (Chrono Boost)  
  65  7:30  Stalker x2  
  65  7:34  Probe (Chrono Boost)  
  70  7:37  Blink  
  70  7:47  Stalker  
  72  8:11  Robotics Facility, Nexus  
  72  8:12  Stalker x2  
  74  8:13  Stalker  
  74  8:17  Stalker  
  80  8:27  Protoss Ground Weapons Level 2  
  79  8:49  Stalker  
  79  8:50  Stalker x2  
  85  9:05  Pylon  
  85  9:07  Pylon  
  85  9:11  Observer, Pylon  
  86  9:28  Photon Cannon  
  86  9:36  Photon Cannon  
  86  9:40  Photon Cannon x2, Immortal  
  86  9:41  Stalker  
  86  9:42  Stalker x3  
  98  9:49  Pylon  
  98  9:54  Probe (Chrono Boost)  
  99  10:04  Probe (Chrono Boost)  
  100  10:14  Stalker  
  100  10:15  Stalker x2  
  100  10:17  Stalker  
  100  10:19  Immortal  
  112  10:41  Stalker x2  
  116  10:56  Pylon  
  116  10:58  Pylon  
  116  11:00  Warp Prism  
  116  11:02  Pylon  
  118  11:06  Pylon  
  118  11:08  Pylon  
  118  11:32  Stalker x4  
  126  11:38  Immortal  
  130  12:09  Protoss Ground Weapons Level 3  
  127  12:17  Immortal  
  84  12:56  Immortal, Nexus  
  88  13:08  Probe (Chrono Boost)  
  89  13:19  Probe (Chrono Boost)  
  90  13:22  Photon Cannon  
  90  13:23  Photon Cannon  
  90  13:29  Probe (Chrono Boost)  
  91  13:40  Probe (Chrono Boost)  
  84  13:50  Probe (Chrono Boost)  
  84  13:53  Stalker  
  84  13:54  Stalker x2  
Tags
 
Add a new tag
Caveats
  • Supply blocks, unpowered buildings, or Contaminate may cause inaccurate times.
  • Supply counts are checked every 10 seconds.